Map: Port Aleksander LE

Players

DroneKingPri

  • Race: Zerg Zerg
  • League: Master
  • Spawn Location: 5:00

Bundaberg - Winner!

  • Race: Zerg Zerg
  • League: Master
  • Spawn Location: 11:00

VOD

Have the link to the VOD?

Description

Time

  • Played on: Feb. 3, 2019, 2:32 a.m.
  • Length: 9:25
Show
View Real Time Build Order
Export as new Build Order

DroneKingPri Zerg 

Build Orders: 1 Base Baneling Bust, Pool First, Zergling Baneling 

Get SALT Encoding   

  12  0:18  Spawning Pool  
  11  0:23  Extractor  
  11  0:27  Drone  
  11  0:35  Drone x2  
  13  0:49  Overlord  
  13  1:06  Zergling x2  
  13  1:08  Zergling x2  
  15  1:18  Zergling x2  
  16  1:21  Zergling x2  
  17  1:28  Metabolic Boost  
  17  1:37  Queen, Zergling x2  
  20  1:57  Baneling Nest, Zergling x2  
  20  2:13  Zergling x4  
  22  2:26  Overlord  
  19  2:57  Zergling x4  
  19  2:58  Zergling x4  
  23  3:04  Baneling  
  23  3:05  Baneling x7  
  23  3:10  Baneling  
  23  3:16  Zergling x2  
  22  3:30  Zergling x4  
  24  3:48  Drone x3  
  24  3:58  Drone x2  
  23  4:18  Drone x2  
  23  4:22  Drone x2  
  23  4:23  Drone  
  28  4:41  Zergling x2  
  28  4:42  Zergling x2  
  30  5:09  Overlord x2  
  30  5:19  Hatchery  
  29  5:22  Zergling x2  
  29  5:28  Zergling x10  
  33  5:29  Queen  
  37  5:56  Zergling x2  
  38  6:09  Overlord x2  
  38  6:12  Lair  
  38  6:13  Evolution Chamber  
  38  6:15  Extractor  
  36  6:28  Baneling x11  
  36  6:29  Baneling x2  
  36  6:35  Drone x3  
  39  6:54  Drone x4  
  39  6:55  Drone  
  31  7:22  Roach Warren  
  30  7:24  Zergling x2  
  30  7:25  Zergling x10  
  36  7:49  Spire  
  35  7:56  Drone  
  35  7:57  Drone x5  
  41  8:02  Extractor  
  41  8:03  Extractor  
  41  8:05  Drone x4  
  43  8:16  Drone x4  
  47  8:30  Drone x2, Overlord  
  47  8:31  Drone x2  
  47  9:01  Mutalisk  
Show
View Real Time Build Order
Export as new Build Order

Bundaberg Zerg - Winner!

Build Orders: Pool First 

Get SALT Encoding   

  12  0:19  Spawning Pool  
  11  0:23  Drone  
  11  0:28  Drone  
  13  0:33  Drone  
  14  0:42  Overlord  
  14  1:07  Zergling x6  
  18  1:18  Zergling x2  
  18  1:22  Hatchery  
  17  1:29  Zergling x2  
  18  1:37  Queen  
  20  1:41  Zergling x2  
  21  1:56  Zergling x2  
  21  2:01  Overlord  
  22  2:17  Spine Crawler  
  22  2:18  Drone  
  22  2:19  Queen  
  20  2:38  Queen  
  20  2:42  Drone x2  
  22  2:58  Queen  
  24  3:08  Drone x4  
  24  3:12  Extractor  
  27  3:13  Drone  
  28  3:24  Queen  
  30  3:33  Spine Crawler  
  29  3:52  Drone x2  
  29  3:53  Drone x4  
  35  4:13  Queen  
  35  4:21  Extractor, Queen  
  37  4:25  Roach Warren  
  36  4:42  Overlord  
  36  4:44  Overlord  
  36  4:45  Extractor  
  35  5:00  Queen  
  35  5:05  Roach x4  
  45  5:10  Roach  
  47  5:17  Drone  
  47  5:18  Drone  
  48  5:36  Overlord  
  48  5:55  Drone x8  
  56  6:05  Lair  
  56  6:09  Drone x2  
  58  6:18  Evolution Chamber  
  57  6:21  Drone  
  57  6:22  Drone  
  59  6:33  Drone  
  59  6:34  Overlord x3  
  59  6:37  Extractor  
  59  6:49  Evolution Chamber  
  59  6:52  Drone x6  
  64  7:13  Drone x5  
  57  7:16  Glial Reconstitution  
  57  7:19  Zerg Missile Weapons Level 1, Zerg Ground Armor Level 1  
  57  7:28  Drone x3  
  60  7:43  Overseer  
  60  7:45  Roach, Nydus Network  
  60  7:46  Roach x3  
  67  7:53  Roach x2  
  71  8:01  Overlord  
  71  8:03  Roach x2  
  71  8:05  Roach  
  77  8:14  Overlord  
  77  8:16  Roach x2  
  81  8:24  Roach x2  
  81  8:25  Roach  
  87  8:28  Nydus Canal  
  87  8:33  Roach  
  91  8:34  Roach  
  83  8:55  Roach x4  
  91  8:56  Roach  
Tags
 
Add a new tag
Caveats
  • Supply blocks, unpowered buildings, or Contaminate may cause inaccurate times.
  • Supply counts are checked every 10 seconds.